 Dungeon Crawl Stone Soup version 0.27-a0-328-g7f782ed93a (webtiles) character file.

Game seed: 4229020457311345507

3 CurlyBrace the Caller (level 1, -5/12 HPs)
             Began as a Felid Summoner on Feb 11, 2021.
             Slain by a worker ant (6 damage)
             ... on level 4 of the Dungeon.
             The game lasted 00:01:36 (155 turns).

CurlyBrace the Caller (Felid Summoner)               Turns: 155, Time: 00:01:37

Health: -5/12      AC:  1    Str:  4    XL:     1   Next: 41%
Magic:  4/4        EV: 18    Int: 16    God:
Gold:   17         SH:  0    Dex: 16    Spells: 3/4 levels left
                                        Lives:  0   Deaths: 0

rFire    . . .     SeeInvis +   (weapon unavailable)
rCold    . . .     Faith    .   (shield unavailable)
rNeg     . . .     Spirit   .   (armour unavailable)
rPois    .         Reflect  .   (helmet unavailable)
rElec    .         Harm     .   (cloak unavailable)
rCorr    .         Rampage  .   (gloves unavailable)
Will     .....                  (boots unavailable)
Stlth    ..........             (no amulet)
HPRegen  0.04/turn              (no ring)
MPRegen  0.09/turn              (no ring)

@: berserking, lethally poisoned (-5 -> -14), hasted, very quick
A: very small, no armour, no weapons or thrown items, stealth, claws 1, fangs 3,
see invisible, speed 1, shaggy fur 1, sharp paws
a: no special abilities


You were on level 4 of the Dungeon.
You visited 1 branch of the dungeon, and saw 4 of its levels.

You collected 17 gold pieces.

Inventory:

Potions
 h - a potion of haste


   Skills:
 * Level 0.3 Fighting
 + Level 2.7 Dodging
 + Level 2.8 Stealth
 * Level 0.3 Unarmed Combat
 - Level 2.0 Spellcasting
 - Level 4.0 Summonings


You had 3 spell levels left.
You knew the following spells:

 Your Spells              Type           Power        Failure   Level
a - Summon Small Mammal   Summ           56%          4%          1

Your spell library contained the following spells:

 Spells                   Type           Power        Failure   Level
 Call Imp                 Summ           14%          6%          2
 Call Canine Familiar     Summ           14%          12%         3
 Summon Guardian Golem    Hex/Summ       8%           26%         3
 Summon Ice Beast         Ice/Summ       8%           65%         4
 Summon Lightning Spire   Summ/Air       8%           65%         4


Dungeon Overview and Level Annotations

Branches:
Dungeon (4/15)
 Temple: D:4-7

Altars:


Innate Abilities, Weirdness & Mutations

You cannot wear armour.
You are incapable of wielding weapons or throwing items.
Your paws allow you to move quietly. (Stealth)
You have sharp claws.
You have razor-sharp teeth.
You have supernaturally acute eyesight. (SInv)
You cover ground quickly.
You are covered in fur. (AC +1)
Your sharp claws are effective at attacking unaware monsters.


Message History

You open the door.
There is an open door here.
You open the door.
A worker ant comes into view.
Okay, then.
You close the door.
As you open the door, it creaks loudly!
There is an open door here.
Found a ring mail and a scroll labelled NEOROR RUEKEFF.
You see here a scroll labelled NEOROR RUEKEFF.
Blink to where?
Press: ? - help, Dir - move target
As you read the scroll labelled NEOROR RUEKEFF, it crumbles to dust.
It was a scroll of blinking.
You open the door.
There is an open door here.
The worker ant bites you.
You are lethally poisoned!
The worker ant poisons you!
You feel sick.
It was a potion of haste.
You feel yourself speed up.
h - a potion of haste
* * * LOW HITPOINT WARNING * * *
You feel sick. The worker ant misses you.
It was a potion of berserk rage.
A red film seems to cover your vision as you go berserk!
You feel yourself moving faster!
You feel mighty! The worker ant misses you.
You closely miss the worker ant.
* * * LOW HITPOINT WARNING * * *
You feel sick. The worker ant closely misses you.
You barely miss the worker ant. You claw the worker ant!
The worker ant is heavily wounded.
* * * LOW HITPOINT WARNING * * *
You feel sick. The worker ant completely misses you.
You barely miss the worker ant.
The worker ant is heavily wounded.
The worker ant bites you.
Ouch! That really hurt!
You die...

....# ##### #####
####....#
......#...###.....#
..B...+.....'.....#
......#.....#.....#
......#.....#.....#
......#.....#<....#
......#.....#.....#
......#..####...@.#
......#..#......B.#
......#..#........#
.....B'..#........#
......####........########
###....[.....#####.......#
#..........'...#.......#
#..........#...#.......#
#..............#.......#


You could see a worker ant.

Vanquished Creatures
  A hobgoblin (D:2)
  A kobold (D:2)
2 creatures vanquished.

Vanquished Creatures (collateral kills)
  A giant cockroach (D:2)
1 creature vanquished.

Grand Total: 3 creatures vanquished

Notes
Turn   | Place    | Note
-------+----------+-------------------------------------------
     0 | D:1      | CurlyBrace the Felid Summoner began the quest for the Orb.
     0 | D:1      | Reached XP level 1. HP: 7/7 MP: 4/4
   119 | D:4      | Noticed a worker ant
   155 | D:4      | Slain by a worker ant

Illustrated notes

Levels and vault maps discovered:
D:1:      dpeg_chamrin_arrival_tetris, layout_basic, minmay_distorted
D:2:      layout_basic, nemelex_xobeh_ov_fountains_minmay, uniq_natasha
D:3:      minmay_chambers_of_twos, layout_rooms
D:4:      layout_gridville, vehumet_statue

Action                   || total
-------------------------++-------
Melee: Unarmed           ||    18
 Cast: Summon Small Mamm ||     2
  Use: Potion            ||     2
       Scroll            ||     1
Armor: Skin              ||     1
Dodge: Dodged            ||    14

Table legend: (Time is in decaauts)
 A = Elapsed time spent in this place.
 B = Non-inter-level travel time spent in this place.
 C = Inter-level travel time spent in this place.
 D = Time resting spent in this place.
 E = Time spent auto-exploring this place.
 F = Levels seen in this place.
 G = Mean time per level.
                   A        B        C        D        E       F      G
               +--------+--------+--------+--------+--------+-----+--------+
         Total |    130 |    130 |      0 |      0 |      0 |   4 |   32.5 |
       Dungeon |    130 |    130 |      0 |      0 |      0 |   4 |   32.5 |
               +--------+--------+--------+--------+--------+-----+--------+

Top non-repeatable levels by time:
     D:2: 46 daAuts
     D:4: 37 daAuts
     D:1: 34 daAuts
     D:3: 10 daAuts
